Selects Panzerjäger Kommand Battlegroup
Selects Panzerjäger Kommand Battlegroup
Construct Light Support Kompanie
Selects GrB 39 Grenade Launcher Requisition
Construct Mechanized Kompanie
Construct Mechanized Kompanie
254 Reconnaissance Tractor
Selects Defensive Positions
le.IG 18 Support Gun Team
Construct Panzerarmee Kommand
18-tonne Recovery Half-track
Pak 38 Anti-tank Gun Team
Selects Butterfly Bomb Drop
Selects Crew Shock Tactics
Walking Stuka Rocket Launcher
Walking Stuka Rocket Launcher
Flak 36 Anti-tank Gun Team
Walking Stuka Rocket Launcher
Walking Stuka Rocket Launcher
Selects Elefant Tank Destroyer
Walking Stuka Rocket Launcher
18-tonne Recovery Half-track
254 Reconnaissance Tractor